 Dungeon Crawl Stone Soup version 0.29.0-10-g45618ea6d2 (webtiles) character file.

Game seed: 13003061464092965896

86 raistware the Magician (level 4, -1/27 HPs)
             Began as an Octopode Conjurer on Sept 1, 2022.
             Slain by an orc priest
             ... wielding a +0 whip
              (6 damage)
             ... on level 6 of the Dungeon.
             The game lasted 00:04:18 (2753 turns).

raistware the Magician (Octopode Conjurer)          Turns: 2753, Time: 00:04:20

Health: -1/27      AC:  1    Str:  6    XL:     4   Next: 49%
Magic:  6/10       EV: 13    Int: 22    God:
Gold:   118        SH:  0    Dex: 10    Spells: 6/11 levels left

rFire   . . .      SeeInvis .   j - +1 dagger (venom)
rCold   . . .      Faith    .   (no shield)
rNeg    . . .      Spirit   .   (helmet restricted)
rPois   .          Reflect  .   (no amulet)
rElec   .          Harm     .   (no ring)
rCorr   .          Rampage  .   (no ring)
Will    .....                   (no ring)
Stlth   +++.......              (no ring)
HPRegen 0.09/turn               (no ring)
MPRegen 0.12/turn               (no ring)
                                (no ring)
                                (no ring)

@: lethally poisoned (-1 -> -34)
A: almost no armour, amphibious, 8 rings, camouflage 1, gelatinous body 1,
(nimble swimmer 1), tentacles
a: no special abilities


You were on level 6 of the Dungeon.
You visited 1 branch of the dungeon, and saw 4 of its levels.

You collected 118 gold pieces.

Inventory:

Hand Weapons
 j - a +1 dagger of venom (weapon)
Scrolls
 d - 4 scrolls of identify {unknown}
 e - a scroll of teleportation {unknown}
 g - 2 scrolls of noise {unknown}
 h - a scroll of magic mapping {unknown}
 k - a scroll of enchant armour {unknown}
Potions
 a - a potion of magic
 b - a potion of mutation {unknown}
 c - a potion of haste {unknown}
 f - a potion of berserk rage {unknown}
 i - a potion of heal wounds {unknown}


   Skills:
 - Level 2.0 Dodging
 - Level 2.6 Stealth
 + Level 4.1 Spellcasting
 - Level 4.0 Conjurations
 + Level 0.8 Translocations


You had 6 spell levels left.
You knew the following spells:

 Your Spells              Type           Power      Damage    Failure   Level
a - Magic Dart            Conj           88%        1d7       2%          1
b - Iskenderun's Mystic   Conj/Tloc      15%        2d5       38%         4

Your spell library contained the following spells:

 Spells                   Type           Power      Damage    Failure   Level
 Searing Ray              Conj           44%        2d6       3%          2
 Dazzling Flash           Conj/Hex       26%        N/A       14%         3
 Fulminant Prism          Conj/Hex       6%         3d7       43%         4


Dungeon Overview and Level Annotations

Branches:
Dungeon (6/15)
 Temple: D:4-7

Altars:


Innate Abilities, Weirdness & Mutations

You cannot wear most types of armour.
You are amphibious.
You can wear up to eight rings at the same time.
Your skin changes colour to match your surroundings (Stealth+).
Your rubbery body absorbs attacks. (AC +1, EV +1)
((You are camouflaged when in or above water. (Stealth+)))
You have tentacles for arms and can constrict up to eight enemies at once.


Message History

You fall into a shaft and drop 3 floors!
The shaft crumbles and collapses.
Found an escape hatch in the floor.
An orc comes into view. It is wielding a +0 hand axe.
The magic dart hits the orc.
The orc is severely wounded.
The orc shouts!
You hear a shout!
The magic dart hits the orc!
You kill the orc!
An orc comes into view. It is wielding a +0 dagger.
An orc comes into view. It is wielding a +2 dagger of venom.
An orc priest comes into view. It is wielding a +0 whip.
The magic dart hits the orc.
The orc is moderately wounded.
The orc priest shouts!
You hit the orc but do no damage.
The orc is poisoned.
You grab the orc.
The orc is moderately wounded.
You constrict the orc, but do no damage.
The orc priest calls upon Beogh to heal the orc.
The orc's wounds heal themselves!
The orc hits you with a +0 dagger.
You hit the orc.
The orc looks as sick as possible!
The orc is severely wounded.
You constrict the orc, but do no damage.
The orc closely misses you.
You hit the orc.
You kill the orc!
The orc hits you with a +2 dagger of venom.
You are poisoned.
The magic dart hits the orc but does no damage.
You feel very sick.
The orc hits you with a +2 dagger of venom.
You are lethally poisoned!
The magic dart hits the orc priest.
The orc priest is lightly wounded.
You feel very sick.
The orc hits you with a +2 dagger of venom.
* * * LOW HITPOINT WARNING * * *
You are more poisoned.
The orc priest hits you with a +0 whip.
You die...

############
#........>.#
#.#........#
.#.#..o.....#
......o@....#
#.....#######
........
.......#.#
....)..#.#
.....o.#..
#...


You could see an orc priest and an orc.

Vanquished Creatures
  An adder (D:3)
  2 worms (D:2)
  3 dart slugs
  4 orcs
  4 ball pythons
  4 bats
  8 endoplasms
  A giant cockroach (D:1)
  8 goblins
  4 hobgoblins
  3 jackals (D:2)
  4 quokkas
  5 frilled lizards
  A kobold (D:2)
  A rat (D:2)
53 creatures vanquished.

Notes
Turn   | Place    | Note
-------+----------+-------------------------------------------
     0 | D:1      | raistware the Octopode Conjurer began the quest for the
                  | Orb.
     0 | D:1      | Reached XP level 1. HP: 11/11 MP: 3/3
   301 | D:1      | Reached XP level 2. HP: 13/17 MP: 1/5
   907 | D:1      | Found a faded altar of an unknown god.
  1324 | D:2      | Reached XP level 3. HP: 17/21 MP: 3/7
  2301 | D:2      | Identified the +0 pair of gloves of the Beekeeper {rF+
                  | Slay+2}
  2440 | D:3      | Reached XP level 4. HP: 25/27 MP: 9/9
  2448 | D:3      | Learned a level 4 spell: Iskenderun's Mystic Blast
  2739 | D:3      | You fall into a shaft and drop 3 floors!
  2753 | D:6      | Slain by an orc priest

Illustrated notes

Levels and vault maps discovered:
D:1:      matt_arrival_debris, layout_loops_ring, nicolae_ecumenical_lake_church
D:2:      layout_loops_cross
D:3:      minmay_octagon_keep, layout_loops_corners,
          grunt_dithmenos_smoke_and_mirrors, hangedman_decor_lopped,
          dk_vineyard_1
D:6:      layout_basic, mainiacjoe_overflow_catwalk

Skill      XL: |  1  2  3  4 |
---------------+-------------+-----
Spellcasting   | 3 4 |  4.1
Dodging        | |  2.0
Stealth        | |  2.6
Conjurations   | |  4.0
Translocations | |  0.8

Action                   |  1- 3 |  4- 6 || total
-------------------------+-------+-------++-------
Melee: Unarmed           |    18 |       ||    18
       Constrict         |     5 |     3 ||     8
       Tentacles         |     4 |     2 ||     6
       Punch             |     1 |       ||     1
       Dagger            |     3 |     8 ||    11
 Cast: Magic Dart        |    75 |    29 ||   104
 Stab: Sleeping          |     1 |       ||     1
Armor: Skin              |     1 |       ||     1
Dodge: Dodged            |    16 |     4 ||    20
